 Dungeon Crawl Stone Soup version 0.29-a0-284-gf9362112df (webtiles) character file.

Game seed: 1337468526925018940

1107 yunder69 the Chopper (level 8, -9/73 HPs)
             Began as a Minotaur Berserker on Mar 26, 2022.
             Was a Believer of Trog.
             Mangled by an orc wizard
             ... wielding a +2 dagger of electrocution
              (10 damage)
             ... on level 6 of the Dungeon.
             The game lasted 00:15:34 (5659 turns).

yunder69 the Chopper (Minotaur Berserker)           Turns: 5659, Time: 00:15:35

Health: -9/73      AC: 11    Str: 22    XL:     8   Next: 11%
Magic:  7/7        EV: 10    Int:  6    God:    Trog [**....]
Gold:   328        SH:  0    Dex: 16    Spells: 7/7 levels left

rFire   . . .      SeeInvis .   B - +0 war axe
rCold   . . .      Faith    .   (no shield)
rNeg    . . .      Spirit   .   g - +0 chain mail
rPois   .          Reflect  .   (helmet restricted)
rElec   .          Harm     .   (no cloak)
rCorr   .          Rampage  .   q - +0 pair of gloves
Will    .....                   (no boots)
Stlth   ..........              (no amulet)
HPRegen 0.22/turn               i - +6 ring of dexterity
MPRegen 0.10/turn               (no ring)

@: no status effects
A: horns 2, retaliatory headbutt
a: Renounce Religion, Berserk, Trog's Hand


You were on level 6 of the Dungeon.
You worshipped Trog.
Trog was pleased with you.
You visited 1 branch of the dungeon, and saw 6 of its levels.

You collected 328 gold pieces.

Inventory:

Hand Weapons
 B - a +0 war axe (weapon)
Missiles
 n - 7 boomerangs (quivered)
 p - 4 poisoned darts
 y - 5 javelins
Armour
 g - a +0 chain mail (worn)
 q - a +0 pair of gloves (worn)
Jewellery
 i - a +6 ring of dexterity (left hand)
Scrolls
 a - a scroll of noise {unknown}
 d - a scroll of enchant weapon {unknown}
 f - a scroll of enchant armour {unknown}
 h - a scroll of brand weapon {unknown}
 j - 3 scrolls of fog {unknown}
 m - 4 scrolls of identify {unknown}
 o - a scroll of vulnerability {unknown}
 t - 2 scrolls of amnesia {unknown}
 u - 2 scrolls of blinking {unknown}
 x - a scroll of immolation {unknown}
 A - a scroll of holy word {unknown}
 E - 2 scrolls of teleportation {unknown}
 F - a scroll of magic mapping {unknown}
Potions
 c - 2 potions of attraction {unknown}
 e - 2 potions of heal wounds {unknown}
 k - 3 potions of cancellation {unknown}
 l - a potion of haste {unknown}
 r - 2 potions of curing {unknown}
 s - a potion of might {unknown}
 v - a potion of lignification {unknown}
 z - a potion of brilliance {unknown}


   Skills:
 + Level 7.3 Fighting
 + Level 7.3 Axes
 - Level 5.4 Armour
 - Level 5.0 Dodging


You had 7 spell levels left.
You didn't know any spells.
Your spell library was empty.

Dungeon Overview and Level Annotations

Branches:
Dungeon (6/15)
 Temple: D:4-7

Altars:
Gozag
Wu Jian

Shops:
D:2 !   D:3 ?=*(


Innate Abilities, Weirdness & Mutations

You have a pair of horns on your head.
You reflexively headbutt those who attack you in melee.


Message History

You closely miss the orc.
The orc is almost dead.
The orc hits you with a +0 hand axe.
* * * LOW HITPOINT WARNING * * *
The orc barely misses you.
You slash the orc!
You kill the orc!
Trog accepts your kill.
Items here: )) [ †.
You feel the effects of Trog's Hand fading.
You feel yourself speed up.
Your skin stops crawling.
You feel less strong-willed.
You recover from your berserk rage.
The iguana hisses angrily.
The adder hisses angrily.
The iguana hisses menacingly.
The iguana hisses menacingly.
An orc wizard comes into view.
It is wielding a +2 dagger of electrocution.
The orc wizard shouts!
The orc wizard casts a spell at you.
The magic dart hits you but does no damage.
The orc wizard gestures at you while chanting.
The puff of flame hits you!
The orc wizard gestures wildly while chanting.
The orc wizard flickers and vanishes!
Deactivating autopickup; reactivate with Ctrl-A.
Something hits you but does no damage. Something completely misses you.
Something hits you but does no damage. Something hits you but does no damage.
You are electrocuted!!
Something hits you but does no damage.
You are electrocuted!
* * * LOW HITPOINT WARNING * * *
Something hits you.
* * * LOW HITPOINT WARNING * * *
You are electrocuted!
* * * LOW HITPOINT WARNING * * *
Something hits you.
* * * LOW HITPOINT WARNING * * *
You are electrocuted!
You die...

....c#))#.....
#...
.....#.[#.....
#..
#####..#..#l.###
#......#..#Y.....
#......#..#o.....
#..#####..#####..
#......#..# ....
#...{..#..#.....
#####@.#..#..###
#......#..#.....
#......#..#Y....
#..#####?.#####.
#...†.[.....(...
#...............
################


You could see an ice beast, an iguana and an orc.

Vanquished Creatures
  A black bear (D:5)
  An ogre (D:5)
  A centaur (D:6)
  2 phantoms
  A scorpion (D:4)
  A howler monkey (D:5)
  3 hounds
  2 jellies (D:5)
  An orc priest (D:5)
  A gnoll shaman (D:6)
  6 iguanas
  2 orc wizards
  7 gnolls
  4 adders
  A shadow imp (D:6)
  A white imp (D:5)
  An ufetubus (D:5)
  4 worms
  A dart slug (D:2)
  7 orcs
  2 ball pythons
  7 bats
  4 endoplasms
  A giant cockroach (D:4)
  4 goblins
  4 hobgoblins
  3 jackals (D:5)
  6 kobolds
  3 quokkas
  A frilled lizard (D:1)
  2 rats
85 creatures vanquished.

Notes
Turn   | Place    | Note
-------+----------+-------------------------------------------
     0 | D:1      | yunder69 the Minotaur Berserker began the quest for the
                  | Orb.
     0 | D:1      | Reached XP level 1. HP: 19/19 MP: 0/0
   369 | D:2      | Found an ornate altar of the Wu Jian Council.
   401 | D:2      | Reached XP level 2. HP: 17/27 MP: 1/1
   902 | D:2      | Found Xeonalit's Distillery.
  1449 | D:1      | Reached XP level 3. HP: 33/33 MP: 2/2
  1622 | D:1      | Found a faded altar of an unknown god.
  2043 | D:3      | Found Fumaj's Jewellery Boutique.
  2083 | D:3      | Reached ** piety under Trog
  2529 | D:3      | Reached XP level 4. HP: 41/41 MP: 3/3
  2637 | D:3      | Found Hydokun's Magic Scroll Shoppe.
  2946 | D:3      | Found Toggicops's Assorted Antiques.
  2970 | D:3      | Found Eturro Tuff's Weapon Boutique.
  3076 | D:4      | Noticed a scorpion
  3080 | D:4      | Killed a scorpion
  3081 | D:4      | Reached XP level 5. HP: 47/47 MP: 4/4
  3163 | D:4      | Noticed a phantom
  3173 | D:4      | Killed a phantom
  3174 | D:4      | Reached skill level 5 in Fighting
  3174 | D:4      | Reached skill level 5 in Axes
  3265 | D:4      | Reached XP level 6. HP: 47/56 MP: 5/5
  3737 | D:5      | Entered Level 5 of the Dungeon
  3788 | D:5      | Found an opulent altar of Gozag.
  4102 | D:5      | Reached XP level 7. HP: 31/62 MP: 6/6
  4118 | D:5      | Reached skill level 5 in Armour
  4884 | D:5      | Reached skill level 5 in Dodging
  5435 | D:6      | Reached XP level 8. HP: 73/73 MP: 7/7
  5659 | D:6      | HP: 1/73 [something (3)]
  5659 | D:6      | Mangled by an orc wizard

Illustrated notes

Levels and vault maps discovered:
D:1:      dpeg_arrival_tiny_j, layout_basic,
          hellmonk_ecumenical_altar_crossroads
D:2:      layout_loops_corners, serial_shops, nicolae_lakefront_shop,
          basic_altar, minmay_pentomino_w4
D:3:      cheibrodos_old_hovel, layout_rooms, serial_shops,
          nicolae_shop_temple_entry_statues_fountains, nicolae_shop_stone,
          nicolae_shop_hallway_stairs, nicolae_shop_trees
D:4:      layout_loops_ring, minmay_statues_item
D:5:      layout_layer_cave, grunt_gozag_statues
D:6:      kennysheep_windowed_halls, layout_loops_ring,
          mainiacjoe_overflow_24_doors, minmay_misc_feat_iff

Skill      XL: |  1  2  3  4  5  6  7 |
---------------+----------------------+-----
Fighting       | 4 5 7 |  7.3
Axes           | 4 5 7 |  7.3
Armour         | 3 4 5 |  5.4
Dodging        | 3 4 5 |  5.0

Action                   |  1- 3 |  4- 6 |  7- 9 || total
-------------------------+-------+-------+-------++-------
Melee: Hand axe          |    69 |     4 |       ||    73
       Headbutt          |    14 |     7 |    10 ||    31
       Halberd           |       |    51 |       ||    51
       War axe           |       |    12 |    61 ||    73
       Punch             |       |       |     1 ||     1
Invok: Berserk           |     1 |     2 |     4 ||     7
       Trog's Hand       |       |     1 |     2 ||     3
Armor: Animal skin       |    10 |       |       ||    10
       Chain mail        |    41 |    24 |    38 ||   103
Dodge: Dodged            |    44 |    26 |    36 ||   106

Table legend: (Time is in decaauts)
 A = Elapsed time spent in this place.
 B = Non-inter-level travel time spent in this place.
 C = Inter-level travel time spent in this place.
 D = Time resting spent in this place.
 E = Time spent auto-exploring this place.
 F = Levels seen in this place.
 G = Mean time per level.
                   A        B        C        D        E       F      G
               +--------+--------+--------+--------+--------+-----+--------+
         Total |   5762 |   4663 |   1099 |   1021 |   2765 |   6 |  960.3 |
       Dungeon |   5762 |   4663 |   1099 |   1021 |   2765 |   6 |  960.3 |
               +--------+--------+--------+--------+--------+-----+--------+

Top non-repeatable levels by time:
     D:5: 1606 daAuts
     D:2: 1302 daAuts
     D:3: 1027 daAuts
     D:4: 743 daAuts
     D:1: 707 daAuts
     D:6: 374 daAuts
